cohdb
Replays
Latest Replays
All Replays
Popular Replays
Top Player Replays
Match Explorer
How It Works
Community
CoH3 Stats
Reddit
Sign in to upload your games and track your stats! →
Sign in with Steam
Match 30675232
Unlisted
Match 30675232
Overview
Messages
Build Orders
End
Kradschützen Motorcycle Team
Panzergrenadier Squad
Panzergrenadier Squad
Panzergrenadier Squad
Construct Light Support Kompanie
2.5-tonne Medical Truck
Fire Support Elements
Pak 38 Mechanized Group
le.IG 18 Support Gun Team
2.5-tonne Medical Truck
Veteran Squad Leaders
Construct Panzerarmee Kommand
Panzer III L Medium Tank
Selects Armored Support Battlegroup
Selects Superior Fire Drills
Selects Salvage Kits
Selects Panzer Storm
Selects Flammpanzer III Medium Tank Sd.Kfz. 141
Flammpanzer III Medium Tank
Emergency Repair Kits
Vehicle Survival Package
Forward Retreat Point
Armored Reserves
Tiger Heavy Tank
Selects Stuka Anti-tank Loiter
Rapid Advance
Flak 36 Anti-tank Gun Team
Panzer Storm
Panzer Storm
Stuka Anti-tank Loiter
Panzer III L Medium Tank
Panzer IV Assault Group
time to coc it up
Señor Pedro
Ran
matrix4x4
FestiveLongJohns
ManOWar2
iMandra
The Legend of Gold
0
0
Comments
sign in to comment!
No comments posted yet!